AoeStats
← Toutah

Arabia

510305238Analyzed
1v1 RM · 20h ago on Sep 30, 2026· 23m 15s· 2 players
Game mode
Random Map
Map size
Tiny (2 player)
Population
200
Speed
Normal
Resources
Standard
Victory
Conquest
Starting age
Dark Age
Ending age
Imperial Age
RankedLock teamsTeams togetherTeam positionsShared explorationLock speedFull tech treeHidden civsTurbo modeCheats
Victory
Defeat
🇦🇷 Celts · Argentina
945
+16
🇯🇴 Vikings · Jordan
955
-46
Amangalarga12
6:40 Loom
9:53 Feudal Age
11:35 Double-Bit Axe
15:37 Horse Collar
17:15 Fletching
21:05 Castle Age
22:25 Wheelbarrow
21:13 Crossbowman
23:11 Bodkin Arrow
Toutah
4:48 Loom
14:23 Feudal Age
Connection lost

Rejoining the realm…

Still unreachable

The connection could not be restored.

Session expired

The server has moved on; the page needs a fresh start.